 Dungeon Crawl Stone Soup version 0.19-a0 (webtiles) character file.

200 barb4r1an the Twirler (level 5, -1/41 HPs)
             Began as a Demonspawn Gladiator on Apr 27, 2016.
             Killed by nerve-wracking pain
             ... invoked by an orc priest
              (14 damage)
             ... on level 3 of the Dungeon.
             The game lasted 00:05:08 (2512 turns).

barb4r1an the Twirler (Demonspawn Gladiator)        Turns: 2512, Time: 00:05:09

Health: -1/41      AC: 10    Str: 16    XL:     5   Next: 48%
Magic:  5/5        EV:  9    Int: 10    God:
Gold:   115        SH:  0    Dex: 13    Spells: 0 memorised, 4 levels left

rFire  . . .     SeeInvis .     a - +0 quarterstaff
rCold  . . .     Gourm    .     h - +0 chain mail
rNeg   . . .     Faith    .     (shield currently unavailable)
rPois  .         Spirit   .     c - +0 helmet
rElec  .         Dismiss  .     (no cloak)
rCorr  .         Reflect  .     n - +0 pair of gloves
SustAt .         Harm     .     (no boots)
MR     .....                    (no amulet)
Stlth  ..........               (no ring)
                                (no ring)

@: not resistant to hostile enchantments, extremely unstealthy
A: hooves 1, powered by death 1, sturdy frame 1
a: no special abilities


You were on level 3 of the Dungeon.
You were not hungry.

You visited 1 branch of the dungeon, and saw 3 of its levels.

You collected 115 gold pieces.

Inventory:

Hand Weapons
 a - a +0 quarterstaff (weapon)
Missiles
 d - 3 throwing nets (quivered)
Armour
 c - a +0 helmet (worn)
 h - a +0 chain mail (worn)
 n - a +0 pair of gloves (worn)
Wands
 l - a wand of random effects (24/48)
Scrolls
 e - a scroll of magic mapping {unknown}
 g - 2 scrolls of identify {unknown}
 k - a scroll of blinking {unknown}
 m - 6 scrolls of fog {unknown}
 q - 2 scrolls of enchant armour {unknown}
Potions
 b - a potion of cancellation {unknown}
 j - a potion of ambrosia {unknown}
 p - 2 potions of lignification {unknown}
 s - a potion of might {unknown}
 t - a potion of agility {unknown}
 u - 2 potions of heal wounds {unknown}
 v - a potion of resistance {unknown}
Comestibles
 f - 4 bread rations
 i - 3 meat rations
 o - 10 fruits
 r - 2 beef jerkies


   Skills:
 + Level 3.4 Fighting
 + Level 3.7 Staves
 - Level 1.7 Throwing
 + Level 2.1 Armour
 + Level 3.5 Dodging


You had 4 spell levels left.
You didn't know any spells.

Dungeon Overview and Level Annotations

Branches:
Dungeon (3/15)

Altars:
Ru
Xom


Innate Abilities, Weirdness & Mutations

You have large cloven feet.
You regenerate a little health from kills.
Your movements are slightly less encumbered by armour (ER -2).


Message History

The orc priest is moderately wounded.
The orc wizard gestures at you while chanting.
The magic dart hits you! The orc closely misses you.
The orc priest hits you with a hand axe.
The orc closely misses you. The hobgoblin misses you.
The orc wizard hits you but does no damage.
The orc hits you but does no damage.
You barely miss the orc priest.
You kick the orc priest, but do no damage.
The orc priest is moderately wounded.
The orc wizard hits you but does no damage.
The orc priest hits you with a hand axe.
The orc barely misses you. The orc hits you with a dagger.
The hobgoblin barely misses you.
You closely miss the orc priest.
The orc priest is moderately wounded.
The orc wizard hits you but does no damage.
The orc priest mumbles some strange prayers to Beogh against you.
Pain shoots through your body!
You die...

## ########.....##..........#
######........###.##......(...#
.......#########.(............#
##############....##..........#
###.............#.............#
....###..####.....#############
..........###.#####
###.....#.....########## #
#...#........o@o....(.
##.####.#.....goo...... ##..#
#..#####.......... #>>####.##
#.......... ....##..#
#.......... .[)....##
#.......... ....####
#.......... ....# #..........
....#


You could see an orc priest, an orc wizard, 2 orcs and a hobgoblin.

Vanquished Creatures
  An orc priest (D:3)
  Robin (D:3)
  6 adders
  A worm (D:2)
  3 dart slugs
  A giant gecko (D:3)
  6 orcs (D:3)
  2 ball pythons
  5 giant cockroaches
  17 goblins
  18 hobgoblins
  6 jackals
  5 bats
  A giant newt (D:1)
  5 kobolds
  6 rats
84 creatures vanquished.

Notes
Turn   | Place    | Note
--------------------------------------------------------------
     0 | D:1      | barb4r1an the Demonspawn Gladiator began the quest for the Orb.
     0 | D:1      | Reached XP level 1. HP: 16/16 MP: 1/1
   204 | D:1      | Gained mutation: Your movements are slightly less encumbered by armour (ER -2). [demonic ancestry]
   204 | D:1      | Reached XP level 2. HP: 19/22 MP: 2/2
   755 | D:1      | Reached skill level 1 in Armour
   879 | D:1      | Gained mutation: You regenerate a little health from kills. [demonic ancestry]
   879 | D:1      | Reached XP level 3. HP: 28/28 MP: 3/3
   964 | D:2      | Found a shimmering altar of Xom.
  1415 | D:2      | Reached XP level 4. HP: 34/34 MP: 4/4
  1661 | D:2      | Found a faded altar to an unknown god.
  1961 | D:3      | Found a sacrificial altar of Ru.
  1961 | D:3      | Noticed Robin
  2019 | D:3      | Killed Robin
  2232 | D:3      | Gained mutation: You have large cloven feet. [demonic ancestry]
  2232 | D:3      | Reached XP level 5. HP: 41/41 MP: 5/5
  2512 | D:3      | Killed from afar by an orc priest

Vault maps used:
D:1:      roderic_crossed_star, minivault_25
D:2:      xom_butterflies, ecumenical_altar_1, minivault_4,
          nicolae_underground_beach
D:3:      nicolae_ru_sacrificial_ziggurat, hangedman_abyss_or_decor_stabs,
          uniq_robin

Skill      XL: |  1  2  3  4  5 |
---------------+----------------+-----
Staves         | 3 |  3.7
Armour         | 1 2 |  2.1
Dodging        | 3 |  3.5
Fighting       | 3 |  3.4
Throwing       | |  1.7

Action                   |  1- 3 |  4- 6 || total
-------------------------+-------+-------++-------
Melee: Quarterstaff      |   132 |   180 ||   312
       Kick              |       |    14 ||    14
  Eat: Chunk             |     1 |     5 ||     6
Armor: Chain mail        |    82 |   156 ||   238
Dodge: Dodged            |    69 |   137 ||   206
